 Dungeon Crawl Stone Soup version 0.31-a0-774-g0d66cbabe8 (webtiles) character file.

Game seed: 9889606199851462107

199152 quinnr the Stormcaller (level 18, -11/116 HPs)
             Began as a Tengu Air Elementalist on Sept 15, 2023.
             Was a High Priest of Vehumet.
             Killed from afar by an ironbound frostheart (36 damage)
             ... by creeping frost
             ... on level 2 of the Vaults on Sept 17, 2023.
             The game lasted 01:52:51 (49026 turns).

quinnr the Stormcaller (Tengu Air Elementalist)    Turns: 49026, Time: 01:52:52

Health: -11/116    AC: 10    Str:  8    XL:     18   Next: 46%
Magic:  24/39      EV: 47    Int: 25    God:    Vehumet [*****.]
Gold:   785        SH:  0    Dex: 21    Spells: 6/49 levels left

rFire   . . .        a - +8 lajatang (freeze)
rCold   . . .        (shield currently unavailable)
rNeg    + . .        i - +2 robe {Will+}
rPois   .            u - +0 hat "Matuf" {rN+ rCorr}
rElec   .            Y - +5 cloak of the Postmodern Nights {Slay+3}
rCorr   +            (no gloves)
SInv    .            (boots unavailable)
Will    ++...        O - amulet of magic regeneration
Stlth   ++++         E - +5 ring of evasion
HPRegen 0.39/turn    x - ring "Duba Inkat" {Wiz Int+2 Dex+5}
MPRegen 0.66/turn

%: acrobat, wizardry (x1)
@: marked, frozen, acrobatic, flying, very slow
A: beak, talons 3, evasive flight, acrobatic
}: 1/15 runes: barnacled
a: Renounce Religion


You were on level 2 of the Vaults.
You worshipped Vehumet.
Vehumet was extremely pleased with you.
You visited 6 branches of the dungeon, and saw 29 of its levels.
You also visited: Gauntlet.

You collected 3733 gold pieces.
You spent 2948 gold pieces at shops.


Innate Abilities, Weirdness & Mutations

You have a beak for a mouth.
You have claws for feet.
Your magical flight helps you evade attacks. (EV +4)
You can magically evade attacks while moving or waiting.


   Skills:
 + Level 14.3 Fighting
 - Level 5.0 Staves
 - Level 3.0 Armour
 - Level 15.0 Dodging
 - Level 7.0 Stealth
 - Level 4.0 Shields
 - Level 16.0 Spellcasting
 - Level 7.6 Conjurations
 - Level 7.0 Fire Magic
 - Level 6.0 Ice Magic
 - Level 17.0 Air Magic
 - Level 8.0 Poison Magic
 - Level 4.0 Evocations


You had 6 spell levels left.
You knew the following spells:

 Your Spells              Type           Power      Damage    Failure   Level
a - Airstrike             Air            40%        2d(6-22)  1%          4
b - Iskenderun's Battles  Conj           55%        2d11      1%          5
f - Freezing Cloud        Conj/Ice/Air   31%        6-21      1%          5
i - Swiftness             Air            81%        N/A       0%          3
l - Summon Lightning Spi  Summ/Air       58%        N/A       1%          4
m - Mephitic Cloud        Conj/Pois/Air  65%        N/A       1%          3
o - Olgreb's Toxic Radia  Pois           56%        N/A       1%          4
p - Poisonous Vapours     Pois/Air       100%       N/A       0%          2
s - Searing Ray           Conj           100%       2d8       1%          2
t - Static Discharge      Conj/Air       100%       2-7/arc   1%          2
X - Ignite Poison         Fire/Tmut/Pois 45%        N/A       1%          3
Y - Conjure Ball Lightni  Conj/Air       34%        3x3d11    1%          6

Your spell library contained the following spells:

 Spells                   Type           Power      Damage    Failure   Level
 Starburst                Conj/Fire      27%        6d9       2%          6
 Shock                    Conj/Air       100%       1d9       0%          1
 Freeze                   Ice            100%       1d10      1%          1
 Magic Dart               Conj           100%       1d8       1%          1
 Sting                    Tmut/Pois      100%       1d8       1%          1
 Cigotuvi's Dreadful Rot  Necr/Pois/Air  100%       N/A       1%          2
 Frozen Ramparts          Ice            100%       1d16      1%          3
 Hailstorm                Conj/Ice       52%        3d12      1%          3
 Inner Flame              Hex/Fire       37%        N/A       1%          3
 Flame Wave               Conj/Fire      54%        2d13      1%          4
 Fulminant Prism          Conj/Hex       19%        3d11      1%          4
 Sticky Flame             Conj/Fire      54%        2d7       1%          4
 Vhi's Electric Charge    Tloc/Air       100%       N/A       1%          4
 Arcjolt                  Conj/Air       34%        1d44      1%          5
 Summon Ice Beast         Ice/Summ       35%        N/A       3%          4
 Alistair's Intoxication  Tmut/Pois      26%        N/A       6%          5
 Eringya's Noxious Bog    Tmut/Pois      20%        4d6       9%          6
 Anguish                  Hex/Necr       10%        N/A       11%         4
 Animate Dead             Necr           20%        N/A       11%         4
 Cause Fear               Hex            10%        N/A       11%         4
 Borgnjor's Vile Clutch   Necr/Erth      10%        N/A       28%         5
 Summon Forest            Summ/Tloc      10%        N/A       28%         5
 Simulacrum               Ice/Necr       17%        N/A       41%         6
 Death Channel            Necr           10%        N/A       82%         6
 Maxwell's Capacitive Co  Air            40%        ∞         1%          8
 Chain Lightning          Conj/Air       34%        3d46      78%         9
 Enfeeble                 Hex            10%        N/A       100%        7
 Summon Hydra             Summ           10%        N/A       100%        7
 Discord                  Hex            10%        N/A       100%        8
 Disjunction              Tloc           10%        N/A       100%        8
 Fire Storm               Conj/Fire      27%        8d7       100%        9
 Shatter                  Erth           10%        3d11*     100%        9

Inventory:

Hand Weapons
 a - a +8 lajatang of freezing (weapon)
Armour
 i - a +2 robe of willpower (worn)
 u - the +0 hat "Matuf" (worn) {rN+ rCorr}
   (You acquired it on level 13 of the Dungeon)

   rN+:       It protects you from negative energy.
   rCorr:     It protects you from acid and corrosion.
 I - the orb "Zim Uph" {light, rC- Str+6}
   (You found it in a Gauntlet)

   Str+6:     It affects your strength (+6).
   rC-:       It makes you vulnerable to cold.
 Y - the +5 cloak of the Postmodern Nights (worn) {Slay+3}
   (You found it on level 5 of the Lair of Beasts)

   Slay+3:    It affects your accuracy & damage with ranged weapons and melee
   (+3).
Magical Staves
 b - a staff of conjuration {!a}
 B - a staff of death {!a}
 H - a staff of fire {!a}
 K - a staff of cold {!a}
Jewellery
 c - the ring "Geirahod" {MP+9 Stlth+}
   (You acquired it on level 9 of the Dungeon)

   [ring of magical power]

   MP+9:      It affects your magic capacity (+9).
   Stlth+:    It makes you more stealthy.
 d - an amulet of regeneration
 m - a ring of magical power
 v - a ring of see invisible
 x - the ring "Duba Inkat" (right hand) {Wiz Int+2 Dex+5}
   (You bought it in a shop on level 2 of the Orcish Mines)

   [ring of wizardry]

   Wiz:       It improves your spell success rate.
   Int+2:     It affects your intelligence (+2).
   Dex+5:     It affects your dexterity (+5).
 D - the ring "Lompihin" {Fly rPois Will- AC+4 Str-4}
   (You found it in a Gauntlet)

   [ring of protection]

   AC+4:      It affects your AC (+4).
   Str-4:     It affects your strength (-4).
   rPois:     It protects you from poison Will-: It decreases your willpower.
   Fly:       It grants you flight.
 E - a +5 ring of evasion (left hand)
 F - a ring of protection from fire
 M - a ring of magical power
 O - an amulet of magic regeneration (around neck)
 S - a +6 ring of strength
 T - a +4 ring of protection
 W - an amulet of guardian spirit
Wands
 n - a wand of digging (9)
 p - a wand of paralysis (11)
 q - a wand of roots (24)
 r - a wand of mindburst (2)
 w - a wand of acid (4)
 C - a wand of polymorph (8)
 G - a wand of flame (85)
Scrolls
 e - 4 scrolls of silence {!r}
 g - 8 scrolls of fear
 j - 9 scrolls of fog
 k - 9 scrolls of enchant armour
 l - 14 scrolls of teleportation {@r2}
 o - 3 scrolls of noise {unknown}
 t - 2 scrolls of poison
 N - 5 scrolls of immolation {unknown}
 P - 2 scrolls of revelation
 U - 3 scrolls of blinking
 X - 2 scrolls of vulnerability {unknown}
Potions
 f - 4 potions of enlightenment
 h - 4 potions of invisibility
 s - 5 potions of haste {@q3}
 y - 4 potions of magic
 z - 6 potions of curing {@q1}
 A - 2 potions of brilliance
 J - 3 potions of mutation
 L - a potion of heal wounds {@q2}
 Q - a potion of berserk rage {!q}
 R - 2 potions of ambrosia
 Z - 2 potions of lignification
Miscellaneous
 V - a phantom mirror

Dungeon Overview and Level Annotations

Branches:
Dungeon (15/15)            Temple (1/1) D:6            Lair (5/5) D:11
 Shoals (4/4) Lair:2        Snake (0/4) Lair:2        Slime (0/5) Lair:4
    Orc (2/2) D:10            Elf (0/3) Orc:2        Vaults (2/5) D:13
 Depths (0/4) D:15        Gauntlet (visited)
  Crypt: Vaults:2-3

Altars:
Ashenzari
Cheibriados
Dithmenos
Elyvilon
Fedhas
Gozag
Hepliaklqana
Kikubaaqudgha
Makhleb
Nemelex Xobeh
Okawaru
Qazlal
Ru
Sif Muna
Trog
Uskayaw
Vehumet
Wu Jian
Xom
Yredelemnul
Zin
The Shining One
Jiyva

Shops:
D:3 :   D:8 [   D:15 *   Orc:2 =?:*   Shoals:3 = Vaults:2

: ▒..... '..... ▒.....
▒.....▒ ▒...).▒▒▒▒▒▒▒▒▒▒▒
▒.....).........▒
▒.....▒.....✱...▒
▒.....▒..p..)8..▒▒▒▒▒▒▒▒▒▒
▒.....▒..)).)...@........▒
▒.....▒.).......▒........▒
▒.....▒.........+........▒
▒.....▒▒▒▒▒▒▒▒▒▒▒........▒
▒.....▒ ▒........▒
......▒▒▒▒▒▒▒▒▒▒▒........▒
......'.........'........▒
......▒.........▒▒▒▒▒▒▒▒▒▒
......▒.........▒


You could see an ironbound frostheart (extremely poisoned, ally target), a
friendly lightning spire (summoned) and a friendly battlesphere.


Message History

The bolt of electricity hits the ironbound frostheart.
An ironbound frostheart is nearby!
Casting: Airstrike (safe; 1% risk of failure)
Confirm with . or Enter, or press ? or * to list all spells.
Aiming: Airstrike (safe; 1% risk of failure)
Press: ? - help, Dir - move target, f - ironbound frostheart
Aim: an ironbound frostheart, wearing a +0 scale mail (lightly wounded, ally target, empty space bonus: 8/8)
The air twists around and strikes the ironbound frostheart!!
The ironbound frostheart is heavily wounded.
Your battlesphere fires!
The barrage of energy hits the ironbound frostheart!
The ironbound frostheart is severely wounded.
Unknown command.
Casting: Airstrike (safe; 1% risk of failure)
Confirm with . or Enter, or press ? or * to list all spells.
Aiming: Poisonous Vapours (safe; 0% risk of failure)
Press: ? - help, Dir - move target, f/p - ironbound frostheart
Aim: an ironbound frostheart, wearing a +0 scale mail (severely wounded, ally target) Poisonous vapours surround the ironbound frostheart!
The ironbound frostheart looks as sick as possible!
Your battlesphere fires!
The barrage of energy hits the ironbound frostheart!
The ironbound frostheart is severely wounded.
The ironbound frostheart calls freezing cold from the walls.
The frost grips you!!!
* * * LOW HITPOINT WARNING * * *
You are encased in ice.
The ironbound frostheart calls freezing cold from the walls.
The frost grips you!!!
You die...

Skill      XL: |  1  2  3  4  5  6  7  8  9 10 11 12 13 14 15 16 17 18 |
---------------+-------------------------------------------------------+-----
Conjurations   | 2 3 5 7 |  7.6
Air Magic      | 5 7 10 15 17 | 17.0
Fighting       | 1 3 4 6 7 10 12 13 14 | 14.3
Dodging        | 3 4 7 9 11 12 13 15 | 15.0
Stealth        | 3 5 7 |  7.0
Spellcasting   | 3 5 7 9 10 12 13 15 16 | 16.0
Armour         | 1 3 |  3.0
Evocations     | 2 4 |  4.0
Poison Magic   | 5 6 8 |  8.0
Staves         | 2 5 |  5.0
Shields        | 2 4 |  4.0
Fire Magic     | 5 7 |  7.0
Ice Magic      | 6 |  6.0

Action                     |  1- 3 |  4- 6 |  7- 9 | 10-12 | 13-15 | 16-18 || total
---------------------------+-------+-------+-------+-------+-------+-------++-------
  Melee: Unarmed           |     4 |       |       |       |       |       ||     4
         Kick              |     1 |     3 |       |    18 |    35 |    12 ||    69
         Peck              |     1 |     1 |       |    11 |    19 |     9 ||    41
         Lajatang          |       |    10 |     3 |    21 |    44 |    25 ||   103
         Staff             |       |       |       |    14 |    28 |       ||    42
         Punch             |       |       |       |       |     1 |       ||     1
   Cast: Shock             |    78 |   170 |   104 |    30 |       |       ||   382
         Static Discharge  |       |     3 |    16 |    24 |    30 |    17 ||    90
         Swiftness         |       |     1 |     1 |    21 |    10 |    11 ||    44
         Airstrike         |       |       |    30 |   224 |   542 |   197 ||   993
         Searing Ray       |       |       |       |    13 |    30 |       ||    43
         Mephitic Cloud    |       |       |       |    13 |    64 |    16 ||    93
         Ignite Poison     |       |       |       |     3 |    77 |   122 ||   202
         Olgreb's Toxic Ra |       |       |       |       |    26 |    59 ||    85
         Poisonous Vapours |       |       |       |       |    48 |   124 ||   172
         Iskenderun's Batt |       |       |       |       |     1 |    53 ||    54
         Summon Lightning  |       |       |       |       |       |    84 ||    84
         Freezing Cloud    |       |       |       |       |       |     2 ||     2
  Evoke: Wand              |       |       |       |    36 |     4 |     1 ||    41
         Phantom mirror    |       |       |       |       |       |     1 ||     1
    Use: Scroll            |       |       |     5 |     9 |    16 |     2 ||    32
         Potion            |       |       |       |     3 |     1 |       ||     4
   Stab: Paralysed         |       |       |       |    12 |       |       ||    12
         Confused          |       |       |       |     1 |     4 |       ||     5
         Distracted        |       |       |       |       |       |     1 ||     1
 Armour: Robe              |    10 |    33 |    12 |    97 |   114 |   148 ||   414
         Leather armour    |       |       |       |    24 |       |       ||    24
  Dodge: Dodged            |     9 |    38 |    36 |   429 |   413 |   400 ||  1325

Levels and vault maps discovered:
D:1:      dpeg_arrival_rhombus, layout_loops_ring
D:2:      layout_basic, basic_altar, serial_glass, glass_columns_c,
          glass_columns_a, glass_columns_a, glass_columns_a,
          minmay_strange_pillars, minmay_strange_pillars, due_unseen_surprise,
          minmay_ruptured
D:3:      layout_basic, mainiacjoe_overflow_divided_tiny,
          mainiacjoe_overflow_concentric_impassable,
          shapermc_ecumenical_altar_mp_urbaneastern, serial_shops, shop,
          uniq_sigmund, uniq_ijyb
D:4:      layout_loops_ring
D:5:      layout_rooms
D:6:      layout_loops_ring, makhleb_altar_promises_db,
          minmay_temple_entry_tees, nicolae_letterblocks
          [nicolae_letter_subblock, nicolae_letter_subblock,
          nicolae_letter_subblock, nicolae_letter_subblock,
          nicolae_letter_subblock, nicolae_letter_subblock,
          nicolae_letter_subblock, nicolae_letter_subblock,
          nicolae_letter_subblock, nicolae_letter_subblock,
          nicolae_letter_subblock, nicolae_letter_subblock,
          nicolae_letter_subblock, nicolae_letter_subblock,
          nicolae_letter_subblock, nicolae_letter_subblock,
          nicolae_letter_subblock, nicolae_letter_subblock,
          nicolae_letter_subblock, nicolae_letter_subblock,
          nicolae_letter_subblock, nicolae_letter_subblock,
          nicolae_letter_subblock, nicolae_letter_subblock,
          nicolae_letter_subblock], uniq_eustachio
D:7:      layout_basic
D:8:      layout_basic, mainiacjoe_overflow_brackets, serial_shops,
          nicolae_shop_hallway_stairs
D:9:      layout_cross, lemuel_tele_altar, marbit_many_paths
D:10:     layout_basic, mainiacjoe_overflow_boulevard, orc_0_dummy,
          wad_floor_pattern_untrapped
D:11:     layout_cave_pools, erik_lair_orcish_takeover
D:12:     wad_woods_minihive, layout_loops_ring, ebering_ghost_disaster_area,
          st_stairs_7, lemuel_zombie_altar_kikubaaqudgha
D:13:     layout_roguey, david_vaults_1, serial_curves, eino_curves_01,
          eino_curves_02
D:14:     layout_loops_ring, nicolae_ashenzari_skybound, minmay_variable_closet,
          blue_anna_alchemist, uniq_frances, uniq_agnes
D:15:     hangedman_depths_entry_try_elsewhere_first, layout_loops_corners,
          nicolae_alphabet_shops, chequers_jeans, grunt_gozag_breadcrumbs,
          uniq_kirke
Temple:   eino_temple_water
Lair:1:   dpeg_oklob_gauntlet, layout_misc_corridors, gauntlet_entry_generic,
          basic_altar, uniq_joseph, uniq_harold
Lair:2:   dreamdust_cave_troll, layout_cave_pods,
          minmay_shoals_entry_lonely_mermaid,
          minmay_snake_entry_guardpost_small, basic_altar
Lair:3:   layout_chaotic_city, st_stairs_3, lemuel_fruit_fields,
          lemuel_fruit_fields
Lair:4:   layout_gridlike, minmay_slime_entry_pillars, uniq_rupert,
          uniq_josephine
Lair:5:   minmay_lair_end_frog_pond, layout_regular_city, nzn_sisyphean_effort,
          lemuel_fruit_fields, uniq_nessos
Shoals:1: layout_shoals
Shoals:2: layout_shoals, ebering_ghost_gozag, nicolae_shoals_nautilus_by_nature
Shoals:3: layout_shoals, serial_shops, nicolae_shop_back_alley_shop
Shoals:4: shoals_end_hellmonk_holy_island, serial_shops, uniq_polyphemus
Orc:1:    layout_caves
Orc:2:    st_orc_rangers, layout_caves, uniq_maurice, uniq_erolcha
Vaults:1: nicolae_vaults_specimen_jars, nicolae_vaults_trapezoid_lopsided_4,
          nicolae_vaults_tetromino_L_1, nicolae_vaults_variable_pillar_hall,
          v_misc_30, v_misc_3, nicolae_vaults_bisected_slash,
          nicolae_vaults_circle_grid_b, nicolae_vaults_security_offices_1,
          ontoclasm_vaults_chip, vaults_dpeg_emergency_exit,
          vaults_standard_mumra_x, vaults_dpeg_encased_lava,
          nicolae_vaults_gold_heap, layout_vaults_quadrants
Vaults:2: v_pattern_5, nicolae_vaults_tetromino_T_1, nicolae_vaults_what_the_h,
          v_misc_28, dpeg_vaults_monster_box, hangedman_vaults_slither,
          nicolae_vaults_network_periphery, minmay_crypt_entry_simple_sparse,
          v_misc_19, ontoclasm_vaults_ring_square, layout_vaults_ring,
          serial_shops, nicolae_shop_real_fake_doors

Notes
Turn   | Place    | Note
-------+----------+-------------------------------------------
     0 | D:1      | quinnr the Tengu Air Elementalist began the quest for the
                  | Orb.
     0 | D:1      | Reached XP level 1. HP: 10/10 MP: 4/4
    82 | D:1      | Reached skill level 2 in Conjurations
   173 | D:1      | Reached XP level 2. HP: 15/15 MP: 4/6
   338 | D:1      | Reached skill level 5 in Air Magic
   789 | D:1      | Reached XP level 3. HP: 17/20 MP: 0/7
  1167 | D:2      | Found a white marble altar of Elyvilon.
  1357 | D:2      | Reached skill level 1 in Fighting
  1654 | D:2      | Learned a level 3 spell: Swiftness
  1657 | D:2      | Learned a level 2 spell: Static Discharge
  1895 | D:2      | Reached XP level 4. HP: 25/25 MP: 6/8
  2150 | D:3      | Found Usicoaw's Book Shop.
  2235 | D:3      | Reached skill level 3 in Dodging
  2280 | D:3      | Found a bloodstained altar of Trog.
  2280 | D:3      | Found a stormy altar of Qazlal.
  2531 | D:3      | Noticed Sigmund
  2573 | D:3      | Reached skill level 3 in Stealth
  2826 | D:3      | Found a faded altar of an unknown god.
  2942 | D:3      | Noticed Ijyb
  2953 | D:3      | Killed Ijyb
  3180 | D:3      | Reached XP level 5. HP: 29/29 MP: 4/9
  3226 | D:3      | Found a glowing silver altar of Zin.
  3498 | D:4      | Reached skill level 2 in Fighting
  4430 | D:5      | Entered Level 5 of the Dungeon
  4434 | D:5      | Noticed a phantom
  4602 | D:5      | Killed a phantom
  4603 | D:5      | Reached skill level 4 in Dodging
  4603 | D:5      | Reached skill level 3 in Spellcasting
  4603 | D:5      | Reached skill level 3 in Fighting
  4603 | D:5      | Reached XP level 6. HP: 26/37 MP: 1/11
  4743 | D:5      | Reached skill level 1 in Armour
  4924 | D:5      | Reached skill level 4 in Fighting
  5091 | D:4      | Gained mutation: Your magical flight helps you evade
                  | attacks. (EV +4) [Tengu growth]
  5091 | D:4      | Reached XP level 7. HP: 43/43 MP: 8/13
  5342 | D:6      | Found a burning altar of Makhleb.
  5342 | D:6      | Noticed a green death
  5345 | D:6      | Noticed a smoke demon
  5345 | D:6      | Noticed a hellwing
  5408 | D:6      | Upgraded the game from 0.31-a0-750-gfe7b580527 to
                  | 0.31-a0-774-g0d66cbabe8
  5420 | D:6      | Reached skill level 4 in Spellcasting
  5489 | D:6      | Found a staircase to the Ecumenical Temple.
  5544 | Temple   | Entered the Ecumenical Temple
  5563 | Temple   | Became a worshipper of Vehumet
  5814 | D:6      | Reached skill level 5 in Spellcasting
  6082 | D:6      | Learned a level 4 spell: Airstrike
  6156 | D:7      | Reached skill level 6 in Air Magic
  6361 | D:8      | Reached skill level 7 in Air Magic
  6361 | D:8      | Reached XP level 8. HP: 34/48 MP: 4/16
  6580 | D:8      | Reached skill level 8 in Air Magic
  6710 | D:8      | Found Teraixt's Antique Armour Boutique.
  6718 | D:8      | Bought a pair of brightly glowing gloves for 247 gold
                  | pieces
  6718 | D:8      | Identified the +0 pair of gloves "Akuavugg" {+Blink Will-
                  | Int-3 Dex+8} (You bought it in a shop on level 8 of the
                  | Dungeon)
  6760 | D:8      | Reached skill level 9 in Air Magic
  7114 | D:7      | Reached skill level 5 in Fighting
  7655 | D:8      | Found a blossoming altar of Fedhas.
  7845 | D:8      | Reached skill level 1 in Evocations
  7918 | D:8      | Noticed a manticore
  7944 | D:8      | Killed a manticore
  7945 | D:8      | Reached skill level 6 in Fighting
  7945 | D:8      | Reached skill level 3 in Conjurations
  7945 | D:8      | Reached skill level 10 in Air Magic
  7945 | D:8      | Reached skill level 2 in Evocations
  7945 | D:8      | Reached XP level 9. HP: 55/55 MP: 0/17
  8467 | D:9      | Identified a scroll of acquirement
  8467 | D:9      | Acquired the ring "Geirahod" {MP+9 Stlth+}
  8533 | D:9      | Reached * piety under Vehumet
  8533 | D:9      | Offered knowledge of Freeze by Vehumet.
  8534 | D:9      | Reached skill level 6 in Spellcasting
  8678 | D:9      | Reached skill level 5 in Dodging
  8853 | D:9      | Found a white marble altar of Elyvilon.
  8854 | D:9      | Noticed a two-headed ogre
  8878 | D:9      | Killed a two-headed ogre
  8879 | D:9      | Reached skill level 7 in Dodging
  8879 | D:9      | Reached skill level 7 in Spellcasting
  8879 | D:9      | Reached XP level 10. HP: 60/60 MP: 5/21
  9170 | D:9      | Learned a level 2 spell: Searing Ray
  9224 | D:9      | Found a shimmering blue altar of Sif Muna.
  9250 | D:10     | Entered Level 10 of the Dungeon
  9347 | D:10     | Reached skill level 8 in Dodging
  9412 | D:10     | Found a snail-covered altar of Cheibriados.
  9548 | D:10     | Found a staircase to the Orcish Mines.
  9811 | D:10     | Identified the +6 rapier of Temperance {drain, Int+4}
  9841 | D:10     | Noticed a two-headed ogre
  9868 | D:10     | Killed a two-headed ogre
  9869 | D:10     | Reached skill level 3 in Armour
 10573 | D:3      | Killed Sigmund
 10574 | D:3      | Reached skill level 9 in Dodging
 10727 | D:2      | Identified the +2 scale mail "Zukygaum" {rElec}
 10955 | D:6      | Noticed Eustachio
 10963 | D:6      | Killed Eustachio
 11212 | D:11     | Acquired 557 gold pieces
 11234 | D:11     | Noticed a two-headed ogre
 11234 | D:11     | Noticed a two-headed ogre
 11241 | D:11     | Killed a two-headed ogre
 11241 | D:11     | Noticed a two-headed ogre
 11242 | D:11     | Reached skill level 4 in Stealth
 11242 | D:11     | Reached skill level 3 in Evocations
 11328 | D:11     | Killed a two-headed ogre
 11329 | D:11     | Reached skill level 5 in Stealth
 11329 | D:11     | Reached skill level 4 in Evocations
 11437 | D:11     | Found a staircase to the Lair.
 11716 | D:11     | Reached skill level 7 in Fighting
 11780 | D:11     | Killed an unseen horror
 11781 | D:11     | Reached XP level 11. HP: 67/67 MP: 18/22
 11903 | D:11     | Reached skill level 8 in Fighting
 12051 | D:11     | Killed a two-headed ogre
 12052 | D:11     | Noticed a cyclops
 12153 | D:11     | Killed a cyclops
 12156 | D:11     | Reached skill level 9 in Fighting
 12210 | D:11     | Reached ** piety under Vehumet
 12210 | D:11     | Offered knowledge of Momentum Strike by Vehumet.
 12432 | D:11     | Noticed a cyclops
 12442 | D:11     | Killed a cyclops
 12801 | Orc:1    | Entered Level 1 of the Orcish Mines
 12927 | Orc:1    | Noticed an orc high priest
 13212 | Orc:1    | Noticed an orc sorcerer
 13219 | Orc:1    | Noticed a sun demon
 13220 | Orc:1    | Killed an orc high priest
 13221 | Orc:1    | Reached skill level 10 in Fighting
 13642 | D:10     | Noticed a sun demon
 13753 | D:10     | Killed an orc sorcerer
 13754 | D:10     | Reached skill level 10 in Dodging
 14023 | D:10     | Found a snail-covered altar of Cheibriados.
 14669 | Orc:1    | Noticed an orc knight
 14913 | Orc:1    | Killed an orc knight
 15108 | Orc:2    | Entered Level 2 of the Orcish Mines
 15108 | Orc:2    | Noticed Erolcha
 15114 | Orc:1    | Killed Erolcha
 15115 | Orc:1    | Reached skill level 11 in Dodging
 15221 | Orc:2    | Noticed a centaur warrior
 15223 | Orc:2    | Noticed Maurice
 15226 | Orc:2    | Killed a centaur warrior
 15362 | Orc:2    | Noticed an orc knight
 15473 | Orc:1    | Reached XP level 12. HP: 77/77 MP: 24/24
 15674 | Orc:2    | Maurice stole a +0 lajatang
 15677 | Orc:1    | Maurice stole a ring of magical power
 15684 | Orc:1    | Killed Maurice
 15684 | Orc:1    | Offered knowledge of Mephitic Cloud by Vehumet.
 15685 | Orc:1    | Reached skill level 8 in Spellcasting
 15992 | Orc:1    | Learned a level 3 spell: Mephitic Cloud
 16101 | Lair:1   | Entered Level 1 of the Lair of Beasts
 16115 | Lair:1   | Reached skill level 1 in Poison Magic
 16118 | Lair:1   | Noticed Joseph
 16127 | Lair:1   | Found a hide-covered altar of Uskayaw.
 16127 | Lair:1   | Found a gate leading to a gauntlet.
 16137 | Gauntlet | Entered a Gauntlet
 16137 | Gauntlet | Found a large runed translucent door.
 16137 | Gauntlet | Found a large runed translucent door.
 16137 | Gauntlet | Found a large runed translucent door.
 16137 | Gauntlet | Found a large runed translucent door.
 16137 | Gauntlet | Found a runed translucent door.
 16137 | Gauntlet | Found a large runed translucent door.
 16137 | Gauntlet | Found a large runed translucent door.
 16137 | Gauntlet | Found a transporter.
 16137 | Gauntlet | Found a transporter.
 16137 | Gauntlet | Found a large runed translucent door.
 16137 | Gauntlet | Found a large runed translucent door.
 16137 | Gauntlet | Found a runed translucent gate.
 16137 | Gauntlet | Found a runed translucent gate.
 16137 | Gauntlet | Found a transporter.
 16137 | Gauntlet | Found a transporter.
 16247 | Gauntlet | Found a runed translucent door.
 16247 | Gauntlet | Found a runed translucent gate.
 16248 | Gauntlet | Found a large runed translucent door.
 16248 | Gauntlet | Found a large runed translucent door.
 16248 | Gauntlet | Found a large runed translucent door.
 16248 | Gauntlet | Found a large runed translucent door.
 16249 | Gauntlet | Found a large runed translucent door.
 16249 | Gauntlet | Found a large runed translucent door.
 16250 | Gauntlet | Found a large runed translucent door.
 16250 | Gauntlet | Found a large runed translucent door.
 16278 | Gauntlet | Reached skill level 4 in Conjurations
 16396 | Gauntlet | Found a transporter.
 16435 | Gauntlet | Found a transporter.
 16436 | Gauntlet | Found a transporter.
 16440 | Gauntlet | Identified the ring "Lompihin" {Fly rPois Will- AC+4 Str-4}
 16443 | Gauntlet | Identified the orb "Zim Uph" {light, rC- Str+6}
 16446 | Gauntlet | Reached skill level 2 in Poison Magic
 16447 | Gauntlet | Noticed a balrug
 16451 | Gauntlet | Reached *** piety under Vehumet
 16457 | Gauntlet | Reached skill level 5 in Conjurations
 16457 | Gauntlet | Reached skill level 3 in Poison Magic
 16495 | Gauntlet | Found a transporter.
 16509 | Gauntlet | Killed a balrug
 16510 | Gauntlet | Reached skill level 4 in Poison Magic
 16635 | Gauntlet | Noticed a minotaur
 16653 | Gauntlet | Found a transporter.
 16654 | Gauntlet | Noticed a death yak
 16654 | Gauntlet | Noticed a death yak
 16657 | Gauntlet | Noticed a death yak
 16659 | Gauntlet | Killed a minotaur
 16660 | Gauntlet | Reached skill level 5 in Poison Magic
 16673 | Gauntlet | Noticed a death yak
 17023 | Lair:1   | Killed Joseph
 17204 | Lair:1   | Reached skill level 6 in Stealth
 17380 | Lair:1   | Offered knowledge of Ignite Poison by Vehumet.
 17385 | Lair:1   | Learned a level 3 spell: Ignite Poison
 17502 | Lair:1   | Noticed a catoblepas
 17507 | Lair:1   | Noticed Harold
 17524 | Lair:1   | Killed a catoblepas
 17718 | D:11     | Reached skill level 7 in Stealth
 17720 | D:11     | Reached skill level 9 in Spellcasting
 17984 | D:11     | Killed Harold
 18027 | Lair:1   | Reached skill level 1 in Staves
 18199 | Lair:1   | Reached skill level 2 in Staves
 18460 | Lair:1   | Reached XP level 13. HP: 82/82 MP: 13/27
 18474 | Lair:1   | Reached skill level 3 in Staves
 18474 | Lair:1   | Reached skill level 10 in Spellcasting
 18970 | Lair:2   | Reached skill level 4 in Staves
 19116 | Lair:2   | Reached skill level 5 in Staves
 19184 | Lair:2   | Found a staircase to the Snake Pit.
 19478 | Lair:2   | Reached **** piety under Vehumet
 19487 | Lair:2   | Reached skill level 11 in Air Magic
 19855 | Lair:2   | Found a glowing silver altar of Zin.
 20465 | Lair:2   | Found a staircase to the Shoals.
 20613 | Lair:2   | Reached skill level 12 in Air Magic
 21120 | Lair:3   | Reached skill level 13 in Air Magic
 21160 | Lair:3   | Offered knowledge of Stone Arrow by Vehumet.
 21683 | Lair:4   | Noticed Rupert
 21687 | Lair:4   | Paralysed by Rupert for 4 turns
 22000 | Lair:4   | Killed Rupert
 22001 | Lair:4   | Reached skill level 14 in Air Magic
 22623 | Lair:4   | Found a viscous altar of Jiyva.
 22624 | Lair:4   | Found a staircase to the Slime Pits.
 22815 | Lair:2   | Reached skill level 15 in Air Magic
 23838 | Lair:4   | Noticed Josephine
 24118 | Lair:4   | Killed Josephine
 24380 | Lair:4   | Reached XP level 14. HP: 87/87 MP: 29/29
 24386 | Lair:4   | Reached skill level 11 in Fighting
 24764 | Lair:4   | Found a staircase to the Slime Pits.
 24765 | Lair:4   | Found a viscous altar of Jiyva.
 25616 | Lair:4   | Found a staircase to the Slime Pits.
 25616 | Lair:4   | Found a viscous altar of Jiyva.
 26031 | Lair:5   | Entered Level 5 of the Lair of Beasts
 26225 | Lair:5   | Noticed Nessos
 26354 | Lair:5   | Reached skill level 12 in Fighting
 27000 | Lair:5   | Killed Nessos
 27137 | Lair:5   | Reached skill level 11 in Spellcasting
 27511 | Lair:5   | Reached ***** piety under Vehumet
 27722 | Lair:5   | Offered knowledge of Iskenderun's Battlesphere by Vehumet.
 28165 | Lair:5   | Reached skill level 12 in Spellcasting
 28593 | Lair:5   | Identified the +5 cloak of the Postmodern Nights {Slay+3}
 28690 | Lair:5   | Identified the +1 quarterstaff of Memmav {antimagic, Drain
                  | rC+ SInv}
 28725 | Lair:5   | Identified the +2 sling of Precise Incision {speed, Str+7}
 30220 | D:12     | Found a large runed translucent door.
 30221 | D:12     | Found a large runed translucent door.
 30229 | D:12     | Noticed Sundig's ghost (journeyman DgFi)
 30236 | D:12     | Learned a level 5 spell: Iskenderun's Battlesphere
 30241 | D:12     | Learned a level 4 spell: Olgreb's Toxic Radiance
 30244 | D:12     | Learned a level 2 spell: Poisonous Vapours
 30274 | D:12     | Learned a level 6 spell: Conjure Ball Lightning
 30347 | D:12     | Found an ancient bone altar of Kikubaaqudgha.
 30991 | D:12     | Reached XP level 15. HP: 97/97 MP: 24/32
 31016 | D:12     | Reached skill level 12 in Dodging
 31384 | D:12     | Reached skill level 6 in Conjurations
 31877 | D:12     | Reached skill level 13 in Fighting
 32094 | D:12     | Killed Sundig's ghost
 32525 | D:13     | Reached skill level 1 in Shields
 32785 | D:13     | Reached skill level 7 in Conjurations
 33254 | Orc:2    | Reached skill level 2 in Shields
 33257 | Orc:2    | Offered knowledge of Plasma Beam by Vehumet.
 33257 | Orc:2    | Noticed an orc warlord
 33265 | Orc:2    | Killed an orc warlord
 33540 | Orc:2    | Found a staircase to the Elven Halls.
 34011 | Orc:2    | Found Issokh's Book Boutique.
 34011 | Orc:2    | Found Papiam's Magic Scroll Shoppe.
 34011 | Orc:2    | Found Iphal's Jewellery Emporium.
 34014 | Orc:2    | Found Faeruxaf's Assorted Antiques.
 34018 | Orc:2    | Bought a book of Storms for 338 gold pieces
 34026 | Orc:2    | Bought a scroll labelled KEGUNE ASHEUTH for 36 gold pieces
 34292 | Orc:2    | Bought a scroll of blinking for 105 gold pieces
 34292 | Orc:2    | Bought a scroll of enchant armour for 105 gold pieces
 34292 | Orc:2    | Bought a scroll of fear for 56 gold pieces
 34292 | Orc:2    | Bought a scroll of fog for 56 gold pieces
 34294 | Orc:2    | Bought the ring "Duba Inkat" {Wiz Int+2 Dex+5} for 723 gold
                  | pieces
 34434 | Shoals:1 | Entered Level 1 of the Shoals
 35738 | Shoals:2 | Offered knowledge of Spellforged Servitor by Vehumet.
 35785 | Shoals:2 | Found a runed translucent gate.
 35785 | Shoals:2 | Found a runed translucent gate.
 35785 | Shoals:2 | Found a runed translucent gate.
 35801 | Shoals:2 | Found an opulent altar of Gozag.
 35803 | Shoals:2 | Noticed Newt's ghost (journeyman DsGl)
 36398 | Shoals:3 | Reached skill level 13 in Spellcasting
 36906 | Shoals:3 | Found Tupsaw's Jewellery Shop.
 37326 | Shoals:4 | Entered Level 4 of the Shoals
 37331 | Shoals:4 | Reached XP level 16. HP: 104/104 MP: 22/34
 37332 | Shoals:4 | Reached skill level 1 in Fire Magic
 37377 | Shoals:4 | Found a white marble altar of Elyvilon.
 37388 | Shoals:4 | Reached skill level 2 in Fire Magic
 37786 | Shoals:4 | Reached skill level 3 in Fire Magic
 37930 | Shoals:4 | Reached skill level 4 in Fire Magic
 38048 | Shoals:4 | Learned a level 4 spell: Summon Lightning Spire
 38062 | Shoals:4 | Found a glowing silver altar of Zin.
 38075 | Shoals:4 | Reached skill level 14 in Spellcasting
 38166 | Shoals:3 | Reached skill level 5 in Fire Magic
 38898 | Shoals:4 | Offered knowledge of Arcjolt by Vehumet.
 38899 | Shoals:4 | Reached skill level 15 in Spellcasting
 38899 | Shoals:4 | Reached skill level 16 in Air Magic
 39237 | Shoals:4 | Noticed a daeva
 39241 | Shoals:4 | Reached skill level 3 in Shields
 39394 | Shoals:4 | Noticed a kraken
 39404 | Shoals:4 | Killed a kraken
 39405 | Shoals:4 | Reached skill level 13 in Dodging
 39525 | Shoals:4 | Noticed Polyphemus
 39533 | Shoals:4 | Killed Polyphemus
 39534 | Shoals:4 | Reached skill level 4 in Shields
 39611 | Shoals:4 | Found a glowing golden altar of the Shining One.
 39626 | Shoals:4 | Got a barnacled rune of Zot
 39699 | Shoals:4 | Killed a daeva
 40349 | Shoals:2 | Killed Newt's ghost
 40774 | Lair:1   | Reached skill level 17 in Air Magic
 41017 | Lair:1   | Reached XP level 17. HP: 74/109 MP: 13/37
 41420 | D:13     | Found a gate to the Vaults.
 41573 | D:13     | Acquired the +0 hat "Matuf" {rN+ rCorr}
 41886 | D:14     | Reached skill level 14 in Dodging
 42116 | D:14     | Found a broken altar of Ashenzari.
 42180 | D:14     | Noticed Agnes
 42186 | D:14     | Killed Agnes
 42677 | D:14     | Noticed Frances
 42693 | D:14     | Killed Frances
 42925 | D:15     | Entered Level 15 of the Dungeon
 43239 | D:15     | Reached skill level 15 in Dodging
 43306 | D:15     | Noticed Kirke
 43509 | D:15     | Killed Kirke
 43766 | D:15     | Found an opulent altar of Gozag.
 43935 | D:15     | Reached skill level 14 in Fighting
 44317 | D:15     | Found a staircase to the Depths.
 44343 | D:15     | Reached skill level 6 in Fire Magic
 44461 | D:15     | Found Twohhoi's Tempting Trifles.
 44466 | D:15     | Bought a scroll of teleportation for 54 gold pieces
 44466 | D:15     | Bought a Trismegistus Codex for 468 gold pieces
 44472 | D:15     | Learned a level 5 spell: Freezing Cloud
 44775 | Vaults:1 | Entered Level 1 of the Vaults
 44788 | Vaults:1 | Reached skill level 1 in Ice Magic
 44996 | Vaults:1 | Reached skill level 2 in Ice Magic
 45001 | Vaults:1 | Offered knowledge of Ozocubu's Refrigeration by Vehumet.
 45407 | Vaults:1 | Reached skill level 7 in Fire Magic
 45521 | Vaults:1 | Reached skill level 3 in Ice Magic
 45620 | Vaults:1 | Reached skill level 4 in Ice Magic
 45639 | Vaults:1 | Reached skill level 5 in Ice Magic
 45797 | Vaults:1 | Reached skill level 6 in Ice Magic
 46608 | Vaults:1 | Reached skill level 6 in Poison Magic
 46608 | Vaults:1 | Reached XP level 18. HP: 81/116 MP: 29/38
 47937 | Vaults:1 | Reached skill level 7 in Poison Magic
 48662 | Vaults:2 | Offered knowledge of Starburst by Vehumet.
 48822 | Vaults:2 | Found Lucenoin's Book Shoppe.
 48825 | Vaults:2 | Bought Maxwell's Memoranda for 760 gold pieces
 49009 | Vaults:2 | Reached skill level 8 in Poison Magic
 49012 | Vaults:2 | Reached skill level 16 in Spellcasting
 49026 | Vaults:2 | Killed from afar by an ironbound frostheart

Vanquished Creatures
  Rupert (Lair:4)
  A kraken (Shoals:4)
  Polyphemus (Shoals:4)
  Frances (D:14)
  Kirke (D:15)
  Agnes (D:14)
  A fire giant (Vaults:2)
  A balrug (Gauntlet)
  3 vault wardens
  An orc warlord (Orc:2)
  The ghost of Newt the Severer, a journeyman DsGl of Okawaru (Shoals:2)
  8 ironbound preservers
  Nessos (Lair:5)
  3 ironbound thunderhulks (Vaults:1)
  A minotaur (Gauntlet)
  A dire elephant (Vaults:1)
  A crystal guardian (Vaults:1)
  6 merfolk javelineers (Shoals:4)
  5 merfolk impalers (Shoals:4)
  An ettin (Vaults:2)
  Josephine (Lair:4)
  The ghost of Sundig the Fighter, a journeyman DgFi (D:12)
  2 yaktaur captains (Vaults:1)
  A vault guard (Vaults:1)
  3 hydras
  3 ironbound frosthearts (Vaults:2)
  A death knight (D:15)
  2 alligator snapping turtles
  A great orb of eyes (D:15)
  6 merfolk aquamancers
  Harold (D:11)
  10 two-headed ogres
  4 catoblepae
  Erolcha (Orc:1)
  2 boulder beetles
  8 centaur warriors
  2 merfolk avatars
  An orc high priest (Orc:1)
  3 tengu warriors (D:15)
  10 death yaks
  3 skysharks
  20 deep trolls
  2 cherubim (Shoals:4)
  11 sea snakes
  3 ironbound convokers
  A wizard (D:14)
  A necromancer (D:13)
  An obsidian statue (Shoals:2)
  6 harpies
  4 lindwurms
  4 orc knights
  A deep elf pyromancer (D:13)
  10 ugly things
  10 manticores
  2 orc sorcerers
  A wolf spider (D:15)
  3 oklob plants (Lair:1)
  7 cyclopes
  Joseph (Lair:1)
  5 merfolk sirens
  3 elephants (Lair:5)
  7 black mambas
  8 water nymphs
  Maurice (Orc:1)
  2 gargoyles
  4 vault sentinels
  22 cane toads
  A minotaur zombie (Gauntlet)
  3 unseen horrors
  2 rime drakes
  9 yaktaurs
  10 komodo dragons
  A tengu conjurer (D:13)
  6 trolls
  A queen bee (Gauntlet)
  21 merfolk
  2 polar bears
  6 meliai
  2 tyrant leeches (Lair:5)
  5 wind drakes
  A wolf spider simulacrum (D:14)
  A hornet (D:10)
  30 blink frogs
  5 slime creatures
  3 snapping turtles
  7 flying skulls (Gauntlet)
  A shadow (D:9)
  10 wraiths
  Sigmund (D:3)
  33 yaks
  7 water elementals
  Eustachio (D:6)
  2 wyverns
  3 basilisks
  19 vampire mosquitoes
  4 hogs (D:15)
  A steam dragon (D:8)
  5 wargs
  3 nagas (Lair:2)
  An acid dragon (D:14)
  A hell hound (Gauntlet)
  11 water moccasins
  42 orc warriors
  2 sky beasts
  An ice beast (D:6)
  7 ogres
  13 centaurs
  14 wolves
  2 kobold brigands
  A phantom (D:5)
  14 bullfrogs
  3 scorpions
  3 wights (D:8)
  35 killer bees
  2 howler monkeys
  3 electric eels (Lair:5)
  4 jellies
  10 orc priests
  A hound (D:4)
  Ijyb (D:3)
  19 orc wizards
  An iguana (D:7)
  A hell rat (D:12)
  6 gnolls
  3 adders
  A shadow imp (D:5)
  An ufetubus (D:5)
  3 worms
  2 dart slugs
  57 orcs
  4 bats
  A bat zombie (D:12)
  6 endoplasms
  5 giant cockroaches
  7 goblins
  8 hobgoblins
  11 jackals
  14 kobolds
  2 quokkas
  4 ball pythons
  4 frilled lizards
  8 rats
  A butterfly (Lair:3)
  2 tentacles (Shoals:4)
794 creatures vanquished.

Vanquished Creatures (collateral kills)
  A daeva (Shoals:4)
  An ironbound preserver (Vaults:1)
  A stone giant (Vaults:1)
  4 dire elephants
  A fire dragon (D:14)
  A merfolk impaler (Shoals:4)
  A vault guard (Vaults:1)
  2 merfolk avatars (Shoals:4)
  A peacekeeper (Vaults:1)
  A merfolk aquamancer (Shoals:4)
  A death yak (Shoals:3)
  A tengu warrior (D:15)
  A satyr (Shoals:4)
  A hell knight (Vaults:2)
  A sea snake (Shoals:3)
  7 deep trolls
  A glowing orange brain (Vaults:1)
  A lindwurm (Vaults:2)
  2 harpies (Shoals:4)
  An ugly thing (Vaults:1)
  A salamander (D:15)
  A vault sentinel (Vaults:1)
  A cane toad (shapeshifter) (D:14)
  2 yaktaurs
  A merfolk (Shoals:4)
  A wind drake (shapeshifter) (D:14)
  4 slime creatures (Vaults:1)
  A wraith (D:14)
43 creatures vanquished.

Vanquished Creatures (others)
  A centaur (Orc:2)
  An orc priest (Orc:2)
  4 tentacles (Shoals:4)
6 creatures vanquished.

Grand Total: 843 creatures vanquished

Table legend: (Time is in decaauts)
 A = Elapsed time spent in this place.
 B = Non-inter-level travel time spent in this place.
 C = Inter-level travel time spent in this place.
 D = Time resting spent in this place.
 E = Time spent auto-exploring this place.
 F = Levels seen in this place.
 G = Mean time per level.
                   A        B        C        D        E       F      G
               +--------+--------+--------+--------+--------+-----+--------+
         Total |  49080 |  46457 |   2623 |  10225 |  29045 |  30 | 1636.0 |
       Dungeon |  22646 |  21335 |   1311 |   3535 |  14766 |  15 | 1509.7 |
        Temple |     38 |      1 |     37 |      0 |      0 |   1 |   38.0 |
          Lair |  12317 |  11696 |    621 |   2365 |   7679 |   5 | 2463.4 |
        Shoals |   6219 |   5882 |    337 |   1731 |   3227 |   4 | 1554.8 |
  Orcish Mines |   2981 |   2887 |     94 |   1409 |   1013 |   2 | 1490.5 |
        Vaults |   4005 |   3785 |    220 |    653 |   2260 |   2 | 2002.5 |
      Gauntlet |    871 |    871 |      0 |    532 |    100 |   1 |  871.0 |
               +--------+--------+--------+--------+--------+-----+--------+

Top non-repeatable levels by time:
  Lair:4: 3775 daAuts
Vaults:1: 3566 daAuts
    D:10: 3291 daAuts
Shoals:3: 2820 daAuts
    D:12: 2787 daAuts
  Lair:5: 2360 daAuts
  Lair:3: 2210 daAuts
  Lair:1: 2025 daAuts
   Orc:1: 1970 daAuts
  Lair:2: 1945 daAuts
    D:11: 1929 daAuts
     D:3: 1865 daAuts
    D:15: 1668 daAuts
     D:8: 1405 daAuts
    D:13: 1327 daAuts

Table legend:
 A = Non-vault XP
 B = Vault XP
 C = Vault XP percentage of total XP
 D = Non-vault monster count
 E = Vault monster count
 F = Vault count percentage of total count
                 A         B        C        D         E       F
            +---------+---------+-------+---------+---------+-------
      Total |  166925 |  110955 |  39.9 |     568 |     268 |  32.1
            +---------+---------+-------+---------+---------+-------
        D:1 |      37 |       0 |   0.0 |      19 |       0 |   0.0
        D:2 |      42 |       3 |   6.7 |      24 |       3 |  11.1
        D:3 |      53 |     250 |  82.5 |      23 |       2 |   8.0
        D:4 |     153 |       0 |   0.0 |      17 |       0 |   0.0
        D:5 |     310 |       0 |   0.0 |       9 |       0 |   0.0
        D:6 |     379 |     202 |  34.8 |       7 |       1 |  12.5
        D:7 |     614 |       0 |   0.0 |       6 |       0 |   0.0
        D:8 |    1700 |       0 |   0.0 |      22 |       0 |   0.0
        D:9 |    1767 |      55 |   3.0 |      15 |       1 |   6.2
       D:10 |    2868 |     196 |   6.4 |      20 |       2 |   9.1
       D:11 |    7246 |    1257 |  14.8 |      20 |       8 |  28.6
       D:12 |    4963 |   11413 |  69.7 |      26 |      48 |  64.9
       D:13 |    4008 |    2613 |  39.5 |       9 |       4 |  30.8
       D:14 |    5915 |    3007 |  33.7 |      13 |       3 |  18.8
       D:15 |   11187 |    5136 |  31.5 |      21 |       9 |  30.0
     Lair:1 |    5699 |    2194 |  27.8 |      23 |       4 |  14.8
     Lair:2 |    5295 |    1713 |  24.4 |      21 |       5 |  19.2
     Lair:3 |    5424 |     312 |   5.4 |      14 |       2 |  12.5
     Lair:4 |    8165 |    5714 |  41.2 |      23 |      15 |  39.5
     Lair:5 |   10016 |    9708 |  49.2 |      30 |      33 |  52.4
   Shoals:1 |    6868 |       0 |   0.0 |      15 |       0 |   0.0
   Shoals:2 |    4206 |    5176 |  55.2 |       9 |       8 |  47.1
   Shoals:3 |    8104 |    4245 |  34.4 |      18 |       6 |  25.0
   Shoals:4 |   17943 |   22349 |  55.5 |      33 |      28 |  45.9
      Orc:1 |    2497 |    1726 |  40.9 |      23 |       7 |  23.3
      Orc:2 |    6148 |    5013 |  44.9 |      42 |      34 |  44.7
   Vaults:1 |   35879 |   14211 |  28.4 |      53 |      18 |  25.4
   Vaults:2 |    9439 |    9580 |  50.4 |      13 |      12 |  48.0
   Gauntlet |       0 |    4882 | 100.0 |       0 |      15 | 100.0
            +---------+---------+-------+---------+---------+-------

Levels and vault maps discovered:
D:1:      dpeg_arrival_rhombus, layout_loops_ring
D:2:      layout_basic, basic_altar, serial_glass, glass_columns_c,
          glass_columns_a, glass_columns_a, glass_columns_a,
          minmay_strange_pillars, minmay_strange_pillars, due_unseen_surprise,
          minmay_ruptured
D:3:      layout_basic, mainiacjoe_overflow_divided_tiny,
          mainiacjoe_overflow_concentric_impassable,
          shapermc_ecumenical_altar_mp_urbaneastern, serial_shops, shop,
          uniq_sigmund, uniq_ijyb
D:4:      layout_loops_ring
D:5:      layout_rooms
D:6:      layout_loops_ring, makhleb_altar_promises_db,
          minmay_temple_entry_tees, nicolae_letterblocks
          [nicolae_letter_subblock, nicolae_letter_subblock,
          nicolae_letter_subblock, nicolae_letter_subblock,
          nicolae_letter_subblock, nicolae_letter_subblock,
          nicolae_letter_subblock, nicolae_letter_subblock,
          nicolae_letter_subblock, nicolae_letter_subblock,
          nicolae_letter_subblock, nicolae_letter_subblock,
          nicolae_letter_subblock, nicolae_letter_subblock,
          nicolae_letter_subblock, nicolae_letter_subblock,
          nicolae_letter_subblock, nicolae_letter_subblock,
          nicolae_letter_subblock, nicolae_letter_subblock,
          nicolae_letter_subblock, nicolae_letter_subblock,
          nicolae_letter_subblock, nicolae_letter_subblock,
          nicolae_letter_subblock], uniq_eustachio
D:7:      layout_basic
D:8:      layout_basic, mainiacjoe_overflow_brackets, serial_shops,
          nicolae_shop_hallway_stairs
D:9:      layout_cross, lemuel_tele_altar, marbit_many_paths
D:10:     layout_basic, mainiacjoe_overflow_boulevard, orc_0_dummy,
          wad_floor_pattern_untrapped
D:11:     layout_cave_pools, erik_lair_orcish_takeover
D:12:     wad_woods_minihive, layout_loops_ring, ebering_ghost_disaster_area,
          st_stairs_7, lemuel_zombie_altar_kikubaaqudgha
D:13:     layout_roguey, david_vaults_1, serial_curves, eino_curves_01,
          eino_curves_02
D:14:     layout_loops_ring, nicolae_ashenzari_skybound, minmay_variable_closet,
          blue_anna_alchemist, uniq_frances, uniq_agnes
D:15:     hangedman_depths_entry_try_elsewhere_first, layout_loops_corners,
          nicolae_alphabet_shops, chequers_jeans, grunt_gozag_breadcrumbs,
          uniq_kirke
Temple:   eino_temple_water
Lair:1:   dpeg_oklob_gauntlet, layout_misc_corridors, gauntlet_entry_generic,
          basic_altar, uniq_joseph, uniq_harold
Lair:2:   dreamdust_cave_troll, layout_cave_pods,
          minmay_shoals_entry_lonely_mermaid,
          minmay_snake_entry_guardpost_small, basic_altar
Lair:3:   layout_chaotic_city, st_stairs_3, lemuel_fruit_fields,
          lemuel_fruit_fields
Lair:4:   layout_gridlike, minmay_slime_entry_pillars, uniq_rupert,
          uniq_josephine
Lair:5:   minmay_lair_end_frog_pond, layout_regular_city, nzn_sisyphean_effort,
          lemuel_fruit_fields, uniq_nessos
Shoals:1: layout_shoals
Shoals:2: layout_shoals, ebering_ghost_gozag, nicolae_shoals_nautilus_by_nature
Shoals:3: layout_shoals, serial_shops, nicolae_shop_back_alley_shop
Shoals:4: shoals_end_hellmonk_holy_island, serial_shops, uniq_polyphemus
Orc:1:    layout_caves
Orc:2:    st_orc_rangers, layout_caves, uniq_maurice, uniq_erolcha
Vaults:1: nicolae_vaults_specimen_jars, nicolae_vaults_trapezoid_lopsided_4,
          nicolae_vaults_tetromino_L_1, nicolae_vaults_variable_pillar_hall,
          v_misc_30, v_misc_3, nicolae_vaults_bisected_slash,
          nicolae_vaults_circle_grid_b, nicolae_vaults_security_offices_1,
          ontoclasm_vaults_chip, vaults_dpeg_emergency_exit,
          vaults_standard_mumra_x, vaults_dpeg_encased_lava,
          nicolae_vaults_gold_heap, layout_vaults_quadrants
Vaults:2: v_pattern_5, nicolae_vaults_tetromino_T_1, nicolae_vaults_what_the_h,
          v_misc_28, dpeg_vaults_monster_box, hangedman_vaults_slither,
          nicolae_vaults_network_periphery, minmay_crypt_entry_simple_sparse,
          v_misc_19, ontoclasm_vaults_ring_square, layout_vaults_ring,
          serial_shops, nicolae_shop_real_fake_doors
